 Dungeon Crawl Stone Soup version 0.30-a0-297-g0ec75d9ef4 (webtiles) character file.

Game seed: 9666938122648477427

241 MrRokkomies the Sneak (level 5, 0/49 HPs)
             Began as an Armataur Delver on Oct 18, 2022.
             Was an Initiate of Cheibriados.
             Slain by a scorpion (5 damage)
             ... in an ossuary.
             The game lasted 00:03:05 (502 turns).

MrRokkomies the Sneak (Armataur Delver)              Turns: 502, Time: 00:03:06

Health: 0/49       AC:  4    Str: 20    XL:     5   Next: 80%
Magic:  7/7        EV: 10    Int: 12    God:    Cheibriados [......]
Gold:   0          SH:  0    Dex: 12    Spells: 4/4 levels left

rFire   . . .      SeeInvis .    a - +0 mace
rCold   . . .      Faith    .    (no shield)
rNeg    . . .      Spirit   .    b - +0 leather armour
rPois   .          Reflect  .    (no helmet)
rElec   .          Harm     .    (no cloak)
rCorr   .          Roll     +    (no gloves)
Will    .....                    (no barding)
Stlth   +++.......               (no amulet)
HPRegen 0.28/turn                (no ring)
MPRegen 0.10/turn                (no ring)

@: lethally poisoned (0 -> -20), very slow
A: large, rugged brown scales 3, deformed body, armoured tail, roll, long
tongue, awkward tongue
a: Renounce Religion


You were in an ossuary.
You worshipped Cheibriados.
Cheibriados was noncommittal.
You visited 2 branches of the dungeon, and saw 2 of its levels.
You also visited: Ossuary.

Inventory:

Hand Weapons
 a - a +0 mace (weapon)
Armour
 b - a +0 leather armour (worn)
Wands
 g - a wand of digging (3)
 h - a wand of paralysis (1)
Scrolls
 c - 2 scrolls of fog
 d - a scroll of magic mapping
 e - a scroll of fear
Potions
 f - a potion of haste


   Skills:
 * Level 4.1 Fighting
 - Level 1.7 Maces & Flails
 + Level 2.5 Armour
 + Level 2.2 Dodging
 - Level 5.4 Stealth
 * Level 3.1 Invocations


You had 4 spell levels left.
You didn't know any spells.
Your spell library was empty.

Dungeon Overview and Level Annotations

Branches:
Dungeon (5/15)             Temple (1/1) D:5         Ossuary (1/1)

Altars:
Ashenzari
Cheibriados
Elyvilon
Gozag
Nemelex Xobeh
Okawaru
Ru
Wu Jian


Innate Abilities, Weirdness & Mutations

You are completely covered in rugged brown scales. (AC +3, +7% HP)
Armour fits poorly on your strangely shaped body.
You have a long armoured tail.
You roll when moving toward enemies. (Rampage)
Your long tongue fully drains potion bottles. (2x potion effects)
Your tongue gives you trouble enunciating. (1.5x scroll delay)


Message History

You barely miss the scorpion. Your punch misses the scorpion.
The scorpion stings you.
You are poisoned.
The scorpion poisons you!
You closely miss the scorpion.
You feel very sick. The scorpion barely misses you. The scorpion stings you.
You hit the scorpion.
The scorpion is lightly wounded.
You feel sick. The scorpion closely misses you. The scorpion stings you.
You are more poisoned.
The scorpion poisons you!
You completely miss the scorpion.
The scorpion is lightly wounded.
You feel very sick. The scorpion closely misses you.
You barely miss the scorpion. You tail-slap the scorpion.
The scorpion is moderately wounded.
You feel very sick. The scorpion barely misses you. The scorpion stings you.
You are too injured to fight recklessly!
You are too injured to fight recklessly!
You are too injured to fight recklessly!
You are too injured to fight recklessly!
You are too injured to fight recklessly!
You feel very sick. The scorpion stings you.
You are more poisoned.
The scorpion poisons you!
You feel very sick. The scorpion closely misses you. The scorpion stings you!
* * * LOW HITPOINT WARNING * * *
You are more poisoned.
The scorpion poisons you!
You closely miss the scorpion.
The scorpion is moderately wounded.
* * * LOW HITPOINT WARNING * * *
You feel very sick. The scorpion stings you.
You die...

##+##########
#!?.#.@.#...#
#..!#.s.8...#
#.=M#.......#
######8...8##
#...#.......#
#...'...8...#
#...#...#...#
##'#######+##
#...#...#


You could see a scorpion.

Vanquished Creatures
  2 scorpions (Ossuary)
  3 centaur zombies (Ossuary)
  A scorpion zombie (Ossuary)
  A gnoll zombie (Ossuary)
  A goblin zombie (Ossuary)
  An orc zombie (Ossuary)
9 creatures vanquished.

Notes
Turn   | Place    | Note
-------+----------+-------------------------------------------
     0 | D:5      | MrRokkomies the Armataur Delver began the quest for the
                  | Orb.
     0 | D:5      | Reached XP level 1. HP: 19/19 MP: 1/1
    19 | D:5      | Found a staircase to the Ecumenical Temple.
    30 | Temple   | Entered the Ecumenical Temple
    77 | Temple   | Became a worshipper of Cheibriados the Contemplative
   113 | D:5      | Found a sand-covered staircase.
   121 | Ossuary  | Entered an ossuary
   127 | Ossuary  | Noticed a scorpion
   138 | Ossuary  | Killed a scorpion
   139 | Ossuary  | Reached skill level 1 in Armour
   139 | Ossuary  | Reached skill level 1 in Invocations
   139 | Ossuary  | Reached XP level 2. HP: 10/27 MP: 1/3
   139 | Ossuary  | Reached XP level 3. HP: 12/33 MP: 1/4
   144 | Ossuary  | Reached XP level 4. HP: 3/40 MP: 1/5
   146 | Ossuary  | HP: 2/40 [poisoned by a scorpion]
   306 | Ossuary  | Noticed a scorpion
   321 | Ossuary  | Killed a scorpion
   322 | Ossuary  | Reached XP level 5. HP: 33/49 MP: 6/6
   502 | Ossuary  | Slain by a scorpion

Illustrated notes

Levels and vault maps discovered:
D:5:      layout_basic, minmay_temple_entry_trees, chequers_ossuary_entry_cave,
          portal_sewer_entry_d, serial_shops, shop
Temple:   bh_familiar_temple
Ossuary:  ossuary_minmay_scorpions

Skill      XL: |  1  2  3  4  5 |
---------------+----------------+-----
Fighting       | 3 4 |  4.1
Armour         | 1 2 |  2.5
Invocations    | 1 2 3 |  3.1
Dodging        | 2 |  2.2
Maces & Flails | |  1.7
Stealth        | |  5.4

Action                   |  1- 3 |  4- 6 || total
-------------------------+-------+-------++-------
Melee: Mace              |    10 |    39 ||    49
       Tailslap          |     4 |     9 ||    13
Evoke: Wand              |     2 |       ||     2
 Stab: Paralysed         |     5 |       ||     5
       Sleeping          |       |     1 ||     1
Armor: Leather armour    |     2 |    22 ||    24
Dodge: Dodged            |     3 |    23 ||    26

Table legend: (Time is in decaauts)
 A = Elapsed time spent in this place.
 B = Non-inter-level travel time spent in this place.
 C = Inter-level travel time spent in this place.
 D = Time resting spent in this place.
 E = Time spent auto-exploring this place.
 F = Levels seen in this place.
 G = Mean time per level.
                   A        B        C        D        E       F      G
               +--------+--------+--------+--------+--------+-----+--------+
         Total |    538 |    506 |     32 |    266 |     85 |   3 |  179.3 |
       Dungeon |     51 |     51 |      0 |      0 |     19 |   1 |   51.0 |
        Temple |     80 |     48 |     32 |      0 |     42 |   1 |   80.0 |
       Ossuary |    406 |    406 |      0 |    266 |     24 |   1 |  406.0 |
               +--------+--------+--------+--------+--------+-----+--------+

Top non-repeatable levels by time:
 Ossuary: 406 daAuts
  Temple: 80 daAuts
     D:5: 51 daAuts
